| TOP OF THE 1ST |
|
Ohio State University Buckeyes batting - Pitching for Washington State University Cougars : RHP Clyde Miller
|
|
Pitching: RHP Clyde Miller
|
|
|
Batting: RHB Xavier Castaneda
|
0-0: Foul Ball, location: 2F 0-1: Swinging Strike 0-2: Strikes out swinging
|
|
Batting: LHB Efrem Isaev
|
0-0: Fly out, F7 (Flyball, 7LS, EV 76.9 MPH)
|
|
Batting: RHB Nick Holsinger
|
0-0: Called Strike 0-1: Ball 1-1: Foul Ball, location: 2F 1-2: Foul Ball, location: 2F 1-2: Ball 2-2: Ground out 1-3 (Groundball, 13S, EV 71.2 MPH)
|
| Top of the 1st over - 0 runs, 0 hits, 0 errors, 0 left on base; Ohio State University 0 - Washington State University 0 |
| BOTTOM OF THE 1ST |
|
Washington State University Cougars batting - Pitching for Ohio State University Buckeyes : LHP Jon Ortiz
|
|
Pitching: LHP Jon Ortiz
|
|
|
Batting: RHB Gebre-Giorgios Wangondu
|
0-0: Fly out, F9 (Flyball, 9S, EV 96.9 MPH)
|
|
Batting: RHB Melvin Durland
|
0-0: Foul Ball, location: 2F 0-1: Ball 1-1: SOLO HOME RUN (Flyball, 78XD, EV 110.0 MPH), Distance : 430 ft
|
|
Batting: SHB Salvador Padilla
|
0-0: Ball 1-0: Ground out 3-1 (Groundball, 34S, EV 81.2 MPH)
|
|
Batting: LHB Josh Aerni
|
0-0: Ball 1-0: Ball 2-0: Ball 3-0: Called Strike 3-1: Base on Balls
|
|
Batting: RHB Alex Koral
|
0-0: Ball 1-0: Fly out, F7 (Flyball, 7S, EV 93.8 MPH)
|
| Bottom of the 1st over - 1 run, 1 hit, 0 errors, 1 left on base; Ohio State University 0 - Washington State University 1 |
| TOP OF THE 2ND |
|
Ohio State University Buckeyes batting - Pitching for Washington State University Cougars : RHP Clyde Miller
|
|
Batting: RHB Joey Black
|
0-0: Ball 1-0: Called Strike 1-1: Ball 2-1: Ball 3-1: Ground out 5-3 (Groundball, 56, EV 90.6 MPH)
|
|
Batting: RHB Rick English
|
0-0: Called Strike 0-1: Called Strike 0-2: Fly out, F3 (Popup, 3S, EV 65.6 MPH)
|
|
Batting: RHB Dan Muse
|
0-0: Called Strike 0-1: Ground out 5-3 (Groundball, 56, EV 85.6 MPH)
|
| Top of the 2nd over - 0 runs, 0 hits, 0 errors, 0 left on base; Ohio State University 0 - Washington State University 1 |
| BOTTOM OF THE 2ND |
|
Washington State University Cougars batting - Pitching for Ohio State University Buckeyes : LHP Jon Ortiz
|
|
Batting: RHB Larry Martell
|
0-0: Swinging Strike 0-1: DOUBLE (Line Drive, 8LD, EV 97.5 MPH)
|
|
Batting: RHB Nick Deegan
|
0-0: Ground out 4-3 (Groundball, 4, EV 91.2 MPH) Larry Martell to third
|
|
Batting: RHB Johnny Lowe
|
0-0: Ball 1-0: Called Strike 1-1: Foul Ball, location: 2F 1-2: Foul Ball, location: 2F 1-2: Ball 2-2: Ball 3-2: DOUBLE (Groundball, 5L, EV 106.9 MPH) Larry Martell scores
|
|
Batting: SHB Sergio Carranza
|
0-0: Ball 1-0: Swinging Strike 1-1: Ball 2-1: Ball 3-1: Base on Balls
|
|
Batting: RHB Gebre-Giorgios Wangondu
|
0-0: SINGLE (Groundball, 56S, EV 70.0 MPH) (infield hit) Johnny Lowe to third Sergio Carranza to second
|
|
Batting: RHB Melvin Durland
|
0-0: Called Strike 0-1: SINGLE (Groundball, 56, EV 98.1 MPH) Johnny Lowe scores Sergio Carranza to third Gebre-Giorgios Wangondu to second
|
|
Batting: SHB Salvador Padilla
|
0-0: Ball 1-0: Fly out, F8 (Flyball, 78D, EV 88.8 MPH) Runner from 3rd tags up, SCORES, throw by CF
|
|
Batting: LHB Josh Aerni
|
0-0: Ball 1-0: Foul Ball, location: 2F 1-1: Ball 2-1: Fly out, F9 (Flyball, 9LM, EV 95.6 MPH)
|
| Bottom of the 2nd over - 3 runs, 4 hits, 0 errors, 2 left on base; Ohio State University 0 - Washington State University 4 |
| TOP OF THE 3RD |
|
Ohio State University Buckeyes batting - Pitching for Washington State University Cougars : RHP Clyde Miller
|
|
Batting: LHB Alex Rivera
|
0-0: Foul Ball, location: 2F 0-1: Foul Ball, location: 2F 0-2: Fly out, F8 (Flyball, 8RS, EV 93.8 MPH)
|
|
Batting: SHB Jesus Gomez
|
0-0: Called Strike 0-1: Called Strike 0-2: Ball 1-2: Foul Ball, location: 2F 1-2: Ball 2-2: Foul Ball, location: 2F 2-2: Foul Ball, location: 2F 2-2: Ball 3-2: Foul Ball, location: 2F 3-2: Fly out, F8 (Line Drive, 8LD, EV 93.8 MPH)
|
|
Pitching: RHP Jordan Wyatt
|
|
|
Batting: RHB Aaron Bateman
|
0-0: Ball 1-0: Ball 2-0: SOLO HOME RUN (Flyball, 7LD, EV 96.2 MPH), Distance : 348 ft
|
|
Batting: RHB Xavier Castaneda
|
0-0: Called Strike 0-1: Ball 1-1: Swinging Strike 1-2: Strikes out swinging
|
| Top of the 3rd over - 1 run, 1 hit, 0 errors, 0 left on base; Ohio State University 1 - Washington State University 4 |
| BOTTOM OF THE 3RD |
|
Washington State University Cougars batting - Pitching for Ohio State University Buckeyes : LHP Jon Ortiz
|
|
Batting: RHB Alex Koral
|
0-0: Ball 1-0: Ground out 6-3 (Groundball, P, EV 91.2 MPH)
|
|
Batting: RHB Larry Martell
|
0-0: Ball 1-0: Called Strike 1-1: Foul Ball, location: 2F 1-2: Ball 2-2: Foul Ball, location: 2F 2-2: Foul Ball, location: 2F 2-2: Ground out 6-3 (Groundball, 6S, EV 85.0 MPH)
|
|
Batting: RHB Nick Deegan
|
0-0: Hit by Pitch
|
|
Batting: RHB Johnny Lowe
|
0-0: Ball 1-0: Ball 2-0: DOUBLE (Line Drive, 3D, EV 106.9 MPH) Nick Deegan to third Runner from 3rd tries for Home, SAFE, no throw by RF
|
|
Batting: SHB Sergio Carranza
|
0-0: Called Strike 0-1: Ball 1-1: Ground out 5-3 (Groundball, 56S, EV 94.4 MPH)
|
| Bottom of the 3rd over - 1 run, 1 hit, 0 errors, 1 left on base; Ohio State University 1 - Washington State University 5 |
| TOP OF THE 4TH |
|
Ohio State University Buckeyes batting - Pitching for Washington State University Cougars : RHP Jordan Wyatt
|
|
Batting: LHB Efrem Isaev
|
0-0: Ball 1-0: Called Strike 1-1: Ground out 6-3 (Groundball, 6, EV 103.1 MPH)
|
|
Batting: RHB Nick Holsinger
|
0-0: Swinging Strike 0-1: Foul Ball, location: 2F 0-2: Ball 1-2: SINGLE (Flyball, 8LS, EV 97.5 MPH)
|
|
Batting: RHB Joey Black
|
0-0: Called Strike 0-1: Ball 1-1: Ball 2-1: Fly out, F3 (Popup, 34S, EV 69.4 MPH)
|
|
Batting: RHB Rick English
|
0-0: Ball 1-0: SINGLE (Groundball, 56S, EV 99.4 MPH) Nick Holsinger to second
|
|
Batting: RHB Dan Muse
|
0-0: Ground out 1-3 (Groundball, 13S, EV 73.8 MPH)
|
| Top of the 4th over - 0 runs, 2 hits, 0 errors, 2 left on base; Ohio State University 1 - Washington State University 5 |
| BOTTOM OF THE 4TH |
|
Washington State University Cougars batting - Pitching for Ohio State University Buckeyes : LHP Jon Ortiz
|
|
Batting: RHB Gebre-Giorgios Wangondu
|
0-0: Called Strike 0-1: Ball 1-1: Ground out U3 (Groundball, 3L, EV 93.1 MPH)
|
|
Batting: RHB Melvin Durland
|
0-0: Called Strike 0-1: Ball 1-1: Foul Ball, location: 2F 1-2: Foul Ball, location: 2F 1-2: Ball 2-2: Foul Ball, location: 2F 2-2: Ball 3-2: Base on Balls
|
|
Pitching: RHP Victor Padilla
|
|
|
Batting: SHB Salvador Padilla
|
0-0: Called Strike 0-1: Ball 1-1: Called Strike 1-2: Fly out, F8 (Line Drive, 8RM, EV 86.9 MPH)
|
|
Batting: LHB Josh Aerni
|
0-0: Fly out, F9 (Flyball, 9LS, EV 96.9 MPH)
|
| Bottom of the 4th over - 0 runs, 0 hits, 0 errors, 1 left on base; Ohio State University 1 - Washington State University 5 |
| TOP OF THE 5TH |
|
Ohio State University Buckeyes batting - Pitching for Washington State University Cougars : RHP Jordan Wyatt
|
|
Batting: LHB Alex Rivera
|
0-0: Ball 1-0: Ball 2-0: Ball 3-0: Called Strike 3-1: Ground out 3-1 (Groundball, 34, EV 100.0 MPH)
|
|
Batting: SHB Jesus Gomez
|
0-0: Called Strike 0-1: Ball 1-1: Ball 2-1: Ball 3-1: Foul Ball, location: 2F 3-2: Strikes out looking
|
|
Batting: RHB Aaron Bateman
|
0-0: Ball 1-0: Foul Ball, location: 2F 1-1: Called Strike 1-2: Ball 2-2: Ball 3-2: Base on Balls
|
|
Batting: RHB Xavier Castaneda
|
0-0: Called Strike 0-1: Fly out, F9 (Flyball, 9LS, EV 91.9 MPH)
|
| Top of the 5th over - 0 runs, 0 hits, 0 errors, 1 left on base; Ohio State University 1 - Washington State University 5 |
| BOTTOM OF THE 5TH |
|
Washington State University Cougars batting - Pitching for Ohio State University Buckeyes : RHP Victor Padilla
|
|
Batting: RHB Alex Koral
|
0-0: SINGLE (Line Drive, 78S, EV 105.6 MPH)
|
|
Batting: RHB Larry Martell
|
0-0: Ball 1-0: Foul Ball, location: 2F 1-1: Fielders Choice at 2nd, 6-4 (Groundball, 6M, EV 88.1 MPH)
|
|
Batting: RHB Nick Deegan
|
0-0: Ball 1-0: Fly out, F9 (Flyball, 9LM, EV 90.6 MPH)
|
|
Batting: RHB Johnny Lowe
|
0-0: Called Strike 0-1: Ball 1-1: Ball 2-1: Swinging Strike 2-2: Ball 3-2: Base on Balls Larry Martell to second
|
|
Batting: SHB Sergio Carranza
|
0-0: Ball 1-0: Called Strike 1-1: Called Strike 1-2: Fly out, F9 (Line Drive, 9, EV 91.2 MPH)
|
| Bottom of the 5th over - 0 runs, 1 hit, 0 errors, 2 left on base; Ohio State University 1 - Washington State University 5 |
| TOP OF THE 6TH |
|
Ohio State University Buckeyes batting - Pitching for Washington State University Cougars : RHP Jordan Wyatt
|
|
Batting: LHB Efrem Isaev
|
0-0: Ball 1-0: Ball 2-0: Called Strike 2-1: Foul Ball, location: 2F 2-2: Ball 3-2: Foul Ball, location: 2F 3-2: Ground out 4-3 (Groundball, 4S, EV 88.1 MPH)
|
|
Pitching: RHP Juan Luna
|
|
|
Batting: RHB Nick Holsinger
|
0-0: Ball 1-0: Called Strike 1-1: Swinging Strike 1-2: Strikes out swinging
|
|
Batting: RHB Joey Black
|
0-0: Foul Ball, location: 2F 0-1: Called Strike 0-2: Foul Ball, location: 2F 0-2: Foul Ball, location: 2F 0-2: Foul Ball, location: 2F 0-2: Ball 1-2: SINGLE (Line Drive, 8RS, EV 109.4 MPH)
|
|
Batting: RHB Rick English
|
0-0: Ball 1-0: Ball 2-0: Ground out 2-3 (Groundball, 15S, EV 74.4 MPH)
|
| Top of the 6th over - 0 runs, 1 hit, 0 errors, 1 left on base; Ohio State University 1 - Washington State University 5 |
| BOTTOM OF THE 6TH |
|
Washington State University Cougars batting - Pitching for Ohio State University Buckeyes : RHP Victor Padilla
|
|
Batting: RHB Gebre-Giorgios Wangondu
|
0-0: Swinging Strike 0-1: Ball 1-1: Ball 2-1: Ground out 1-3 (Groundball, 15, EV 67.5 MPH)
|
|
Batting: RHB Melvin Durland
|
0-0: Ball 1-0: Ball 2-0: Ball 3-0: Base on Balls
|
|
Batting: SHB Salvador Padilla
|
0-0: Ball 1-0: Ball 2-0: Swinging Strike 2-1: Ball 3-1: Base on Balls Melvin Durland to second
|
|
Batting: LHB Josh Aerni
|
0-0: Ball 1-0: Ball 2-0: Foul Ball, location: 2F 2-1: SINGLE (Groundball, 4MD, EV 100.0 MPH) Melvin Durland to third Salvador Padilla to second Runner from 3rd tries for Home, SAFE, throw by CF to home
|
|
Pitching: LHP Ian Tamburrino
|
|
|
Batting: RHB Alex Koral
|
0-0: Ball 1-0: Swinging Strike 1-1: Ball 2-1: Ball 3-1: Reached on error, E6 (Groundball, 6, EV 89.4 MPH) Salvador Padilla to third Josh Aerni to second
|
|
Batting: RHB Larry Martell
|
0-0: Called Strike 0-1: Swinging Strike 0-2: Foul Ball, location: 2F 0-2: Foul Ball, location: 2F 0-2: Ball 1-2: Ball 2-2: Fielders Choice at 2nd, 4-6 (Groundball, 4, EV 86.9 MPH) Salvador Padilla scores Josh Aerni to third
|
|
Batting: RHB Nick Deegan
|
0-0: Ball 1-0: Ball 2-0: Foul Ball, location: 2F 2-1: Ball 3-1: Base on Balls Larry Martell to second
|
|
Batting: RHB Johnny Lowe
|
0-0: Ground out 6-3 (Groundball, 6S, EV 64.4 MPH)
|
| Bottom of the 6th over - 2 runs, 1 hit, 1 error, 3 left on base; Ohio State University 1 - Washington State University 7 |
| TOP OF THE 7TH |
|
Ohio State University Buckeyes batting - Pitching for Washington State University Cougars : RHP Juan Luna
|
|
Batting: RHB Dan Muse
|
0-0: Called Strike 0-1: Ground out U3 (Groundball, 34, EV 86.9 MPH)
|
|
Batting: LHB Alex Rivera
|
0-0: Ball 1-0: Ball 2-0: Ground out 1-3 (Groundball, 13S, EV 68.8 MPH)
|
|
Batting: SHB Jesus Gomez
|
0-0: Swinging Strike 0-1: Ball 1-1: Foul Ball, location: 2F 1-2: Ball 2-2: Strikes out swinging
|
| Top of the 7th over - 0 runs, 0 hits, 0 errors, 0 left on base; Ohio State University 1 - Washington State University 7 |
| BOTTOM OF THE 7TH |
|
Washington State University Cougars batting - Pitching for Ohio State University Buckeyes : LHP Ian Tamburrino
|
|
Batting: SHB Sergio Carranza
|
0-0: Ball 1-0: Ball 2-0: Called Strike 2-1: Swinging Strike 2-2: Strikes out swinging
|
|
Batting: RHB Gebre-Giorgios Wangondu
|
0-0: Foul Ball, location: 2F 0-1: Swinging Strike 0-2: Ball 1-2: Strikes out swinging
|
|
Batting: RHB Melvin Durland
|
0-0: Hit by Pitch
|
|
Batting: SHB Salvador Padilla
|
0-0: Called Strike 0-1: Ball 1-1: Ball 2-1: Foul Ball, location: 2F 2-2: Ball Pickoff Throw to First - Error! E1 Melvin Durland to second 3-2: Fly out, F8 (Flyball, 8RD, EV 99.4 MPH)
|
| Bottom of the 7th over - 0 runs, 0 hits, 1 error, 1 left on base; Ohio State University 1 - Washington State University 7 |
| TOP OF THE 8TH |
|
Ohio State University Buckeyes batting - Pitching for Washington State University Cougars : RHP Juan Luna
|
|
Pitching: LHP Quadir Dade
|
|
|
Batting: RHB Aaron Bateman
|
0-0: SINGLE (Line Drive, 6MD, EV 97.5 MPH)
|
|
Batting: RHB Xavier Castaneda
|
0-0: Ball 1-0: Swinging Strike 1-1: Called Strike 1-2: Foul Ball, location: 2F 1-2: Strikes out swinging
|
|
Batting: LHB Efrem Isaev
|
0-0: Foul Ball, location: 2F 0-1: Ball Wild Pitch! Aaron Bateman to second 1-1: Ground out 4-3 (Groundball, 34, EV 91.9 MPH) Aaron Bateman to third
|
|
Batting: RHB Nick Holsinger
|
0-0: Ball 1-0: Swinging Strike 1-1: Called Strike 1-2: Strikes out swinging
|
| Top of the 8th over - 0 runs, 1 hit, 0 errors, 1 left on base; Ohio State University 1 - Washington State University 7 |
| BOTTOM OF THE 8TH |
|
Washington State University Cougars batting - Pitching for Ohio State University Buckeyes : LHP Ian Tamburrino
|
|
Batting: LHB Josh Aerni
|
0-0: Called Strike 0-1: Fly out, F8 (Flyball, 89M, EV 86.9 MPH)
|
|
Batting: RHB Alex Koral
|
0-0: Called Strike 0-1: Ball 1-1: Foul Ball, location: 2F 1-2: Strikes out swinging
|
|
Batting: RHB Larry Martell
|
0-0: Foul Ball, location: 2F 0-1: Foul Ball, location: 2F 0-2: Ball 1-2: Strikes out swinging
|
| Bottom of the 8th over - 0 runs, 0 hits, 0 errors, 0 left on base; Ohio State University 1 - Washington State University 7 |
| TOP OF THE 9TH |
|
Ohio State University Buckeyes batting - Pitching for Washington State University Cougars : LHP Quadir Dade
|
|
Batting: RHB Joey Black
|
0-0: Fly out, F4 (Popup, 4MS, EV 60.6 MPH)
|
|
Batting: RHB Rick English
|
0-0: Swinging Strike 0-1: Ball 1-1: Ball 2-1: Foul Ball, location: 2F 2-2: Foul Ball, location: 2F 2-2: Ball 3-2: Strikes out swinging
|
|
Batting: RHB Dan Muse
|
0-0: Ball 1-0: Called Strike 1-1: Fly out, F8 (Line Drive, 8LM, EV 90.6 MPH)
|
| Top of the 9th over - 0 runs, 0 hits, 0 errors, 0 left on base; Ohio State University 1 - Washington State University 7 |
|